 Dungeon Crawl Stone Soup version 0.27.1 (webtiles) character file.

Game seed: 15611103215185487107

118 RascalDebosk the Chopper (level 4, 0/40 HPs)
             Began as a Draconian Berserker on Aug 23, 2021.
             Was a Believer of Trog.
             Slain by a black bear (6 damage)
             ... on level 3 of the Dungeon.
             The game lasted 00:06:29 (2415 turns).

RascalDebosk the Chopper (Draconian Berserker)      Turns: 2415, Time: 00:06:30

Health: 0/40       AC:  5    Str: 21    XL:     4   Next: 72%
Magic:  4/4        EV: 12    Int:  7    God:    Trog [**....]
Gold:   100        SH:  0    Dex: 10    Spells: 3/3 levels left

rFire    . . .     SeeInvis .   a - +0 hand axe {axe}
rCold    . . .     Faith    .   (no shield)
rNeg     . . .     Spirit   .   (armour unavailable)
rPois    .         Reflect  .   (helmet restricted)
rElec    .         Harm     .   (no cloak)
rCorr    .         Rampage  .   (no gloves)
Will     .....                  (no boots)
Stlth    ++........             (no amulet)
HPRegen  0.13/turn              (no ring)
MPRegen  0.09/turn              (no ring)

@: no status effects
A: AC +5, unfitting armour, cold-blooded
a: Renounce Religion, Berserk, Trog's Hand


You were on level 3 of the Dungeon.
You worshipped Trog.
Trog was pleased with you.
You visited 1 branch of the dungeon, and saw 3 of its levels.

You collected 100 gold pieces.


Innate Abilities, Weirdness & Mutations

Your plain brown scales are hard. (AC +5)
You cannot fit into any form of body armour.
You are cold-blooded and may be slowed by cold attacks.


   Skills:
 + Level 4.0 Fighting
 * Level 4.2 Axes
 + Level 3.2 Dodging
 + Level 1.6 Stealth


You had 3 spell levels left.
You didn't know any spells.
Your spell library was empty.

Inventory:

Hand Weapons
 a - a +0 hand axe (weapon) {axe}
 c - a +1 mace of holy wrath {mace}
   (You found it on level 2 of the Dungeon)
Missiles
 e - 30 stones (quivered) {throwing}
Scrolls
 b - 2 scrolls of identify {unknown}
 g - a scroll of immolation {unknown}
 h - a scroll of enchant weapon {unknown}
Potions
 d - a potion of magic {unknown}
 f - a potion of attraction {unknown}
 i - a potion of cancellation {unknown}

Dungeon Overview and Level Annotations

Branches:
Dungeon (3/15)

Altars:

Shops:
D:1 ( D:2

( #.# ####.# #..
#....# #.# #.#### #.#
#.# #.# # #.# #.# .#
#.# #.# ..
######.#######.#.#.#.#
#.............@h......
#.####.######.##.#.#.#
#.# #.# ..
#.######.####.#
#.............#
########.###### #.#
#.# #.#


You could see a black bear (berserk).


Message History

You hit the centaur skeleton.
The centaur skeleton hits you but does no damage.
The centaur skeleton kicks you. The centaur skeleton hits you.
The centaur skeleton closely misses you. 😕 HP[-5]
You take 5 damage, and now have 33/40 hp.
You hit the centaur skeleton.
The centaur skeleton hits you but does no damage.
The centaur skeleton misses you. 😕 HP[+1]
You hit the centaur skeleton. The centaur skeleton misses you.
The centaur skeleton barely misses you. The centaur skeleton misses you.
The centaur skeleton barely misses you.
You hit the centaur skeleton. The centaur skeleton misses you.
The centaur skeleton barely misses you.
You slash the centaur skeleton!
You destroy the centaur skeleton!
Trog accepts your kill.
Your Fighting skill increases to level 4!
There is a stone staircase leading down here.
A bat comes into view. 😎 HP[+6]
Your hp is fully restored (40).
The helpless bat fails to defend itself.
You slash the bat!
You kill the bat!
Trog accepts your kill.
You see here a bat corpse.
Found a stone staircase leading down.
b - 2 scrolls labelled GAFEN UCYLONN (gained 1)
i - a yellow potion You now have 89 gold pieces (gained 8).
Found a stone staircase leading down.
A frilled lizard comes into view.
Found a stone staircase leading up.
A frilled lizard is nearby!
You now have 100 gold pieces (gained 11).
You see here a +0 dagger {short}.
A black bear and an endoplasm come into view.
The black bear growls angrily.
The endoplasm quivers.
The endoplasm misses you.
You hit the endoplasm.
You tail-slap the endoplasm, but do no damage.
The endoplasm freezes you.
You are frozen.
You feel yourself slow down. 😕 HP[-3]
You take 3 damage, and now have 37/40 hp.
You hit the endoplasm but do no damage.
Your tail-slap misses the endoplasm.
The endoplasm barely misses you.
The endoplasm hits you but does no damage. 😕 HP[+1]
You hit the endoplasm.
You kill the endoplasm!
Trog accepts your kill.
You can now call upon Trog for regeneration and willpower.
You feel yourself speed up. The black bear bites you.
The black bear claws you but does no damage.
The black bear claws you. 😕 HP[-3]
You take 3 damage, and now have 35/40 hp.
You hit the black bear. You tail-slap the black bear.
The black bear bites you but does no damage.
The black bear claws you. x2 😮 HP[-5]
You take 5 damage, and now have 30/40 hp.
You slash the black bear! The black bear misses you. x2
The black bear claws you but does no damage.
You hit the black bear.
Your tail-slap misses the black bear.
The black bear barely misses you. The black bear claws you.
The black bear claws you but does no damage. 😮 HP[-4]
You take 4 damage, and now have 26/40 hp.
You barely miss the black bear.
Your tail-slap misses the black bear.
The black bear bites you but does no damage.
The black bear claws you but does no damage.
The black bear closely misses you.
You hit the black bear.
The black bear goes berserk! 😮 HP[+1]
You hit the black bear. The black bear misses you.
The black bear claws you but does no damage.
The black bear claws you. The black bear bites you!
* * * LOW HITPOINT WARNING * * *
The black bear claws you.
* * * LOW HITPOINT WARNING * * *
The black bear misses you. 😨 HP[-13]
You take 13 damage, and now have 14/40 hp.
MASSIVE DAMAGE!! (PAUSE)
You hit the black bear. The black bear completely misses you.
The black bear claws you.
* * * LOW HITPOINT WARNING * * *
The black bear misses you. The black bear bites you.
* * * LOW HITPOINT WARNING * * *
The black bear claws you but does no damage.
The black bear claws you.
You die...

Skill      XL: |  1  2  3  4 |
---------------+-------------+-----
Stealth        | 1 |  1.6
Dodging        | 3 |  3.2
Axes           | 4 |  4.2
Fighting       | 4 |  4.0

Action                   |  1- 3 |  4- 6 || total
-------------------------+-------+-------++-------
Melee: Hand axe          |   110 |    26 ||   136
       Tailslap          |    14 |     3 ||    17
Invok: Berserk           |     1 |       ||     1
  Use: Potion            |     1 |       ||     1
 Stab: Sleeping          |     1 |     1 ||     2
Armor: Skin              |    26 |    16 ||    42
Dodge: Dodged            |    86 |    23 ||   109

Levels and vault maps discovered:
D:1:      minmay_arrival_five_plusses, layout_loops_ring, serial_shops,
          shop_statue, hellmonk_ecumenical_altar_slurped_away
D:2:      minmay_thinvault, layout_basic, serial_shops, nicolae_shop_waterfront,
          serial_bayou_pond_a, kennysheep_generic_room_10
D:3:      layout_loops_ring

Notes
Turn   | Place    | Note
-------+----------+-------------------------------------------
     0 | D:1      | RascalDebosk the Draconian Berserker began the quest for
                  | the Orb.
     0 | D:1      | Reached XP level 1. HP: 19/19 MP: 1/1
     0 | D:1      | magus.rc [v1.9.6]
    44 | D:1      | Reached XP level 2. HP: 17/26 MP: 2/2
   200 | D:1      | Found Civunk's Weapon Emporium.
   238 | D:1      | You fall into a shaft and drop 1 floor!
   878 | D:2      | Found Jagudojea's Weapon Shop.
  1044 | D:2      | Reached skill level 1 in Stealth
  1044 | D:2      | Reached XP level 3. HP: 28/31 MP: 3/3
  1152 | D:2      | Reached skill level 3 in Dodging
  1182 | D:2      | HP: 11/49 [poisoned by an adder]
  1187 | D:2      | HP: 4/33 [poisoned by an adder]
  1900 | D:2      | Reached XP level 4. HP: 39/40 MP: 4/4
  1913 | D:2      | Reached skill level 4 in Axes
  2150 | D:3      | Reached skill level 4 in Fighting
  2404 | D:3      | Noticed a black bear
  2408 | D:3      | Reached ** piety under Trog
  2415 | D:3      | HP: 8/40 [black bear (6)]
  2415 | D:3      | Slain by a black bear

Vanquished Creatures
  A centaur skeleton (D:3)
  5 adders (D:2)
  2 worms (D:2)
  4 endoplasms
  2 giant cockroaches (D:2)
  4 goblins (D:2)
  3 hobgoblins
  4 jackals (D:1)
  2 quokkas (D:2)
  2 ball pythons
  4 bats
  A frilled lizard (D:1)
  3 kobolds
  2 rats (D:2)
39 creatures vanquished.

Vanquished Creatures (others)
  4 plants (D:2)
4 creatures vanquished.

Grand Total: 43 creatures vanquished

Table legend:
 A = Non-vault XP
 B = Vault XP
 C = Vault XP percentage of total XP
 D = Non-vault monster count
 E = Vault monster count
 F = Vault count percentage of total count
                 A         B        C        D         E       F
            +---------+---------+-------+---------+---------+-------
      Total |      90 |      79 |  46.7 |      21 |      18 |  46.2
            +---------+---------+-------+---------+---------+-------
        D:1 |      16 |       0 |   0.0 |      10 |       0 |   0.0
        D:2 |      29 |      79 |  73.1 |       8 |      18 |  69.2
        D:3 |      45 |       0 |   0.0 |       3 |       0 |   0.0
            +---------+---------+-------+---------+---------+-------

Illustrated notes

Table legend:
 A = Kills in this place as a percentage of kills in entire the game.
 B = Kills by you in this place as a percentage of kills by you in the entire game.
 C = Kills by friends in this place as a percentage of kills by friends in the entire game.
 D = Other kills in this place as a percentage of other kills in the entire game.
 E = Experience gained in this place as a percentage of experience gained in the entire game.
 F = Experience gained in this place divided by the number of levels of this place that you have seen.
                   A       B       C       D       E      F
               +-------+-------+-------+-------+-------+----------------------
         Total | 100.0 | 100.0 |   N/A |   N/A | 100.0 |  56.3
       Dungeon | 100.0 | 100.0 |   N/A |   N/A | 100.0 |  56.3
               +-------+-------+-------+-------+-------+----------------------

Table legend: (Time is in decaauts)
 A = Elapsed time spent in this place.
 B = Non-inter-level travel time spent in this place.
 C = Inter-level travel time spent in this place.
 D = Time resting spent in this place.
 E = Time spent auto-exploring this place.
 F = Levels seen in this place.
 G = Mean time per level.
                   A        B        C        D        E       F      G
               +--------+--------+--------+--------+--------+-----+--------+
         Total |   2445 |   2371 |     74 |    668 |   1273 |   3 |  815.0 |
       Dungeon |   2445 |   2371 |     74 |    668 |   1273 |   3 |  815.0 |
               +--------+--------+--------+--------+--------+-----+--------+

Top non-repeatable levels by time:
     D:2: 1898 daAuts
     D:3: 305 daAuts
     D:1: 241 daAuts
